Map: Акрополь РВ

Players

Murena - Winner!

  • Race: Terran Terran
  • Spawn Location: 11:00

ИИ 1 (эксперт)

  • Race: Terran Terran
  • Spawn Location: 5:00

VOD

Have the link to the VOD?

Description

Time

  • Played on: Aug. 22, 2019, 2:46 p.m.
  • Length: 9:23
Show
View Real Time Build Order
Export as new Build Order

Murena Terran - Winner!

Build Orders:  

Get SALT Encoding   

  12  0:01  SCV  
  13  0:13  SCV  
  14  0:18  Supply Depot  
  14  0:25  SCV  
  15  0:40  SCV  
  15  0:41  Barracks  
  16  0:46  Refinery  
  16  0:52  SCV  
  17  1:03  Barracks  
  17  1:06  SCV  
  18  1:18  SCV  
  19  1:21  Supply Depot  
  19  1:29  Barracks Tech Lab  
  19  1:34  Orbital Command  
  19  1:48  Marauder  
  19  1:50  Barracks Tech Lab  
  21  1:59  SCV, Refinery  
  22  2:03  Concussive Shells  
  22  2:09  Marauder  
  22  2:12  SCV  
  25  2:17  Marauder  
  27  2:25  SCV  
  27  2:27  Supply Depot  
  28  2:32  Marauder  
  30  2:38  SCV  
  31  2:44  Factory  
  31  2:50  Supply Depot  
  32  2:51  SCV  
  32  2:53  Marauder  
  32  2:56  Marine  
  35  3:03  SCV  
  36  3:13  Engineering Bay  
  36  3:14  Marine  
  36  3:15  Marine  
  36  3:16  SCV  
  39  3:31  Starport  
  39  3:32  SCV  
  39  3:33  Marauder  
  42  3:34  Marauder  
  44  3:42  Supply Depot  
  44  3:46  Missile Turret  
  44  3:47  SCV  
  45  3:55  Marine  
  46  3:56  Marine  
  47  4:06  Starport  
  47  4:07  SCV  
  47  4:08  Starport Tech Lab  
  48  4:16  Fusion Core  
  48  4:20  SCV  
  48  4:21  Marine  
  48  4:22  Marine  
  51  4:29  Supply Depot  
  51  4:43  Starport Tech Lab  
  51  4:46  Marine  
  51  4:47  Marine  
  51  4:51  SCV  
  54  5:01  Factory Tech Lab  
  54  5:05  SCV  
  55  5:07  Marine  
  55  5:08  Marine  
  55  5:09  Supply Depot  
  55  5:11  Battlecruiser  
  63  5:29  Command Center  
  63  5:31  Combat Shield  
  63  5:34  Marine  
  64  5:36  Marine  
  64  5:40  SCV  
  66  5:45  Hellion  
  66  5:49  Medivac  
  70  5:56  Marine  
  71  5:57  Supply Depot  
  71  6:06  Supply Depot  
  71  6:14  Barracks  
  71  6:20  Marauder  
  71  6:21  Marauder  
  71  6:25  Siege Tank  
  78  6:38  Banshee  
  81  6:51  Orbital Command  
Show
View Real Time Build Order
Export as new Build Order

ИИ 1 (эксперт) Terran 

Build Orders:  

Get SALT Encoding   

  12  0:00  SCV  
  13  0:13  SCV  
  14  0:17  Supply Depot  
  14  0:25  SCV  
  15  0:39  SCV  
  16  0:43  Barracks  
  16  0:51  SCV  
  17  1:03  SCV  
  18  1:15  SCV, Supply Depot  
  19  1:20  Refinery  
  19  1:27  SCV  
  19  1:30  Marine  
  21  1:39  SCV  
  22  1:48  Marine  
  22  1:50  Barracks  
  22  1:52  SCV  
  24  1:54  Refinery  
  24  2:02  Supply Depot  
  24  2:04  Orbital Command  
  24  2:06  Marine  
  25  2:23  Marine  
  25  2:29  SCV  
  27  2:36  Command Center  
  27  2:38  Marine  
  27  2:41  SCV  
  29  3:00  SCV, Factory  
  29  3:03  Marine  
  31  3:05  Marine  
  33  3:12  SCV  
  33  3:21  Marine  
  33  3:23  Marine  
  33  3:24  SCV  
  36  3:37  SCV  
  37  3:44  Factory Tech Lab  
  37  3:47  Marine x2  
  37  3:48  SCV  
  40  3:49  SCV  
  40  3:54  Starport  
  41  4:00  SCV  
  41  4:01  SCV  
  43  4:04  Supply Depot  
  43  4:05  Marine  
  43  4:06  Marine  
  45  4:12  SCV  
  45  4:13  SCV  
  47  4:19  Siege Tank  
  51  4:24  SCV  
  51  4:25  SCV  
  51  4:32  Supply Depot  
  51  4:33  Marine  
  51  4:34  Marine  
  51  4:36  SCV  
  51  4:37  SCV, Starport Tech Lab  
  55  4:48  SCV, Supply Depot  
  55  4:49  SCV  
  57  4:57  Siege Tank  
  60  5:00  SCV  
  60  5:01  SCV  
  60  5:03  Liberator  
  60  5:04  Armory  
  62  5:11  Fusion Core  
  62  5:13  SCV, Orbital Command  
  66  5:25  SCV  
  67  5:49  Starport, Barracks Tech Lab  
  67  5:54  Command Center  
  67  6:03  Viking  
  69  6:10  Stimpack  
  69  6:17  Engineering Bay  
  69  6:18  Supply Depot  
  69  6:25  Starport Reactor, Engineering Bay  
  69  6:33  Viking  
  71  7:03  Viking  
  71  7:04  Viking  
  75  7:15  Viking  
  77  7:17  Refinery  
  77  7:18  Refinery  
  77  7:24  Command Center  
  77  7:33  Viking  
  79  7:41  SCV x2  
  79  7:43  Viking  
  83  7:49  Combat Shield  
  83  7:52  Viking  
  85  8:00  Marauder  
  85  8:03  Supply Depot  
  87  8:11  Marine  
  77  8:18  Viking  
  66  8:21  Marauder  
  66  8:22  Viking  
  65  8:29  Marine  
  65  8:32  SCV, Viking  
  59  8:35  SCV  
  59  8:42  Marauder  
  59  8:47  Marine  
  60  8:48  Viking  
  34  9:05  Marine  
Tags
 
Add a new tag
Caveats
  • Supply blocks, unpowered buildings, or Contaminate may cause inaccurate times.
  • Supply counts are checked every 10 seconds.